 Dungeon Crawl Stone Soup version 0.31.0-1-g2c135a008e (webtiles) character file.

Game seed: 8404598340301390531

161 qw the Shooter (level 5, -3/40 HPs)
             Began as a Djinni Hunter on Jan 23, 2024.
             Killed by divine providence
             ... invoked by an orc priest
              (13 damage)
             ... on level 4 of the Dungeon.
             The game lasted 00:00:09 (2360 turns).

qw the Shooter (Djinni Hunter)                      Turns: 2360, Time: 00:00:09

Health: -3/40      AC:  8    Str: 10    XL:     5   Next: 70%
Gold:   157        EV: 11    Int: 10    God:
                   SH:  0    Dex: 19

rFire   + + .        a - +2 shortbow
rCold   x . .        (shield currently unavailable)
rNeg    . . .        i - +0 ring mail
rPois   inf          (no helmet)
rElec   .            e - +2 cloak {rPois}
rCorr   .            (no gloves)
SInv    .            (boots unavailable)
Will    +....        (no amulet)
Stlth   +            d - ring of willpower
HPRegen 0.26/turn    (no ring)
MPRegen 0.00/turn

%: infuse magic (-4 HP)
@: flying
A: sickness immunity, fire resistance 2, cold vulnerability 1, float, innate
caster, HP casting, extra vitality 1
a: no special abilities


You were on level 4 of the Dungeon.
You visited 1 branch of the dungeon, and saw 4 of its levels.

You collected 157 gold pieces.


Innate Abilities, Weirdness & Mutations

You are immune to sickness and miasma.
You are immune to poison.
Your flesh is very heat resistant. (rF++)
You are vulnerable to cold. (rC-)
You float through the air rather than walking.
You learn spells naturally, not from books.
Your magical power is your life essence.
You have superior vitality. (+4 MHP)


   Skills:
 - Level 3.0 Fighting
 + Level 4.7 Ranged Weapons
 - Level 1.0 Armour
 - Level 2.9 Dodging
 - Level 0.7 Stealth


You knew the following spells:

 Your Spells              Type           Power      Damage    Failure   Level
a - Necrotise             Necr           0%         1d4       67%         1
b - Scorch                Fire           0%         2d5       82%         2
Your spell library was empty.

Inventory:

Hand Weapons
 a - a +2 shortbow (weapon)
Armour
 e - a +2 cloak of poison resistance (worn)
 i - a +0 ring mail (worn)
Jewellery
 d - a ring of willpower (left hand)
Scrolls
 b - a scroll of enchant armour
Potions
 c - a potion of attraction {unknown}
 f - a potion of curing {unknown}
 g - a potion of might {unknown}
 h - a potion of heal wounds
 j - a potion of brilliance {unknown}

Dungeon Overview and Level Annotations

Branches:
Dungeon (4/15)
 Temple: D:4-7

Altars:
Gozag

Annotations:
D:4 3 runed translucent doors, qw's ghost, amateur DjHu


Message History

The arrow hits the orc priest!
The orc priest is heavily wounded.
An orc comes into view. It is wielding a +0 hand axe.
You shoot an arrow. The arrow hits the orc.
The orc is lightly wounded.
The orc throws a dart of dispersal.
The dart of dispersal barely misses you.
You shoot an arrow. The arrow barely misses the orc priest.
You shoot an arrow. The arrow barely misses the orc priest.
A scorpion comes into view.
You shoot an arrow. The arrow hits the orc.
The orc is severely wounded.
You shoot an arrow. The arrow hits the orc.
You kill the orc!
The orc priest miscasts a cantrip.
You shoot an arrow. The arrow barely misses the orc.
The orc hits you but does no damage.
The orc priest begins to cast a cantrip, but forgets the words!
The orc priest calls down the wrath of Beogh upon you.
Beogh smites you! The orc hits you with a +0 hand axe.
You shoot an arrow. The arrow hits the orc.
The orc is lightly wounded.
The orc barely misses you.
You shoot an arrow. The arrow barely misses the orc.
The orc hits you with a +0 hand axe.
You shoot an arrow. The arrow hits the orc!
You kill the orc!
The orc priest calls down the wrath of Beogh upon you.
Beogh smites you!
The scorpion stings you but does no damage.
The scorpion barely misses you.
You shoot an arrow. The arrow hits the scorpion.
The scorpion is moderately wounded.
The scorpion misses you.
You shoot an arrow. The arrow barely misses the orc priest.
The scorpion stings you but does no damage.
The orc priest closely misses you. The scorpion stings you.
The orc priest invokes the aid of Beogh against you.
Beogh smites you!
You die...

#..).......###)# # #
#.#..####...#... .#.
##.##.# #....... ...
#...#.####...#...
#.###.#.............#
##.....##...#######..#
#.....).#.#...........
...#.#.#.....#.#####.##
#. #.#@##.#.##.# #.
#..os.#.#.# # #.
.....#.#...#.# #. #.#.
#. #....# #. .. ..
.#### #. .. ..# .# #. .
.# . .. #


You could see a scorpion and an orc priest.

Vanquished Creatures
  An iguana (D:4)
  An orc wizard (D:4)
  2 adders (D:2)
  A shadow imp (D:3)
  2 dart slugs
  2 ribbon worms
  2 orcs (D:4)
  4 ball pythons
  9 endoplasms
  4 giant cockroaches
  5 goblins
  6 hobgoblins
  5 jackals (D:3)
  6 kobolds
  3 quokkas
  8 bats
  5 frilled lizards
  4 rats
70 creatures vanquished.

Notes
Turn   | Place    | Note
-------+----------+-------------------------------------------
     0 | D:1      | qw the Djinni Hunter began the quest for the Orb.
     0 | D:1      | Reached XP level 1. HP: 18/18 MP: 0/0
     0 | D:1      | 0 ||| qw: Version: 0.3-a-136-gdd3b4e8
     0 | D:1      | 0 ||| qw: Game counter: 1114
     0 | D:1      | 0 ||| qw: Melee chars always use a shield: true
     0 | D:1      | 0 ||| qw: God list: Okawaru
     0 | D:1      | 0 ||| qw: Allow faded altars: false
     0 | D:1      | 0 ||| qw: Do Orc after clearing Dungeon:15 true
     0 | D:1      | 0 ||| qw: Do second Lair branch before Depths: true
     0 | D:1      | 0 ||| qw: Lair rune preference: random
     0 | D:1      | 0 ||| qw: Goals: Normal
     0 | D:1      | 0 ||| PLANNING D:1-11
   246 | D:1      | Reached XP level 2. HP: 23/23 MP: 0/0
   774 | D:1      | 774 ||| READING scroll labelled MOROGATULU.
   774 | D:1      | 774 ||| IDENTIFYING fuming red potion
   775 | D:1      | 775 ||| READING scroll labelled GUEPEU UKHIR.
   775 | D:1      | 775 ||| ENCHANTING +0 shortbow.
   776 | D:1      | 776 ||| READING scroll labelled HADUYPH NIEMP.
   777 | D:1      | 777 ||| READING scroll labelled SOVUMU CEDD.
   782 | D:1      | 782 ||| READING scroll labelled NEMMAF ZAIRECK.
   782 | D:1      | 782 ||| ENCHANTING +0 shortbow.
   783 | D:1      | 783 ||| DROPPING scroll of butterflies.
   809 | D:2      | Reached XP level 3. HP: 28/28 MP: 0/0
   809 | D:2      | Learned a level 1 spell: Necrotise
   840 | D:2      | Reached skill level 4 in Ranged Weapons
   996 | D:2      | 996 ||| READING scroll labelled CUPAODGHOUNT.
   997 | D:2      | 997 ||| READING scroll labelled ZESIAZ CEIDGH.
   998 | D:2      | 998 ||| READING scroll labelled COWIOCWUBEA.
  1246 | D:2      | 1246 ||| UPGRADING to +2 cloak of poison resistance.
  1251 | D:2      | 1251 ||| UPGRADING to ring of willpower.
  1316 | D:3      | Reached XP level 4. HP: 34/34 MP: 0/0
  1369 | D:3      | Reached skill level 3 in Fighting
  1519 | D:3      | 1519 ||| READING scroll of enchant weapon.
  1519 | D:3      | 1519 ||| ENCHANTING +1 shortbow.
  1696 | D:3      | 1696 ||| STAIRDANCE
  1701 | D:2      | 1701 ||| UPGRADING to +0 ring mail.
  1711 | D:2      | 1711 ||| DROPPING +0 leather armour.
  1712 | D:2      | 1712 ||| READING scroll labelled SEYNEDAUPE.
  1865 | D:3      | Reached skill level 1 in Armour
  1976 | D:3      | Reached XP level 5. HP: 40/40 MP: 0/0
  1976 | D:3      | Learned a level 2 spell: Scorch
  2240 | D:4      | Found a runed translucent gate.
  2240 | D:4      | Found a runed translucent gate.
  2240 | D:4      | Found a runed translucent gate.
  2242 | D:4      | Found an opulent altar of Gozag.
  2243 | D:4      | Noticed a black bear
  2243 | D:4      | Noticed qw's ghost (amateur DjHu)
  2324 | D:4      | 2324 ||| FLEEEEING.
  2360 | D:4      | HP: 10/40 [scorpion (3)]
  2360 | D:4      | Killed from afar by an orc priest

Levels and vault maps discovered:
D:1:      evilmike_arrival_rings, layout_basic, serial_bayou_crossing
D:2:      layout_basic
D:3:      minmay_bubble_buster, layout_basic, hangedman_decor_push
D:4:      layout_loops_ring, ebering_ghost_gozag, nicolae_zig_zag_zippers

Skill      XL: |  1  2  3  4 |
---------------+-------------+-----
Ranged Weapons | 4 |  4.7
Fighting       | 3 |  3.0
Armour         | 1 |  1.0
Dodging        | |  2.9
Stealth        | |  0.7

Action                     |  1- 3 |  4- 6 || total
---------------------------+-------+-------++-------
   Fire: Shortbow          |    86 |   141 ||   227
    Use: Scroll            |     8 |     2 ||    10
 Armour: Leather armour    |    14 |     3 ||    17
         Ring mail         |       |    53 ||    53
  Dodge: Dodged            |    25 |    50 ||    75

Table legend:
 A = Non-vault XP
 B = Vault XP
 C = Vault XP percentage of total XP
 D = Non-vault monster count
 E = Vault monster count
 F = Vault count percentage of total count
                 A         B        C        D         E       F
            +---------+---------+-------+---------+---------+-------
      Total |     196 |      34 |  14.8 |      58 |      12 |  17.1
            +---------+---------+-------+---------+---------+-------
        D:1 |      27 |       0 |   0.0 |      14 |       0 |   0.0
        D:2 |      52 |       0 |   0.0 |      19 |       0 |   0.0
        D:3 |      29 |      34 |  54.0 |      17 |      12 |  41.4
        D:4 |      88 |       0 |   0.0 |       8 |       0 |   0.0
            +---------+---------+-------+---------+---------+-------
